 Dungeon Crawl Stone Soup version 0.28.0 (webtiles) character file.

Game seed: 16054558510496733602

85 crazypyro the Cudgeller (level 4, -5/48 HPs)
             Began as an Ogre Monk on Feb 4, 2022.
             Was a Priest of the Shining One.
             Slain by Natasha (8 damage)
             ... on level 1 of the Dungeon.
             The game lasted 00:01:36 (1832 turns).

crazypyro the Cudgeller (Ogre Monk)                 Turns: 1832, Time: 00:01:37

Health: -5/48      AC:  3    Str: 17    XL:     4   Next: 48%
Magic:  4/4        EV: 10    Int: 11    God:    the Shining One [***...]
Gold:   48         SH:  0    Dex: 11    Spells: 3/3 levels left

rFire   . . .      SeeInvis +   a - +0 mace
rCold   . . .      Faith    .   (no shield)
rNeg    + . .      Spirit   .   b - +0 robe
rPois   .          Reflect  .   (helmet restricted)
rElec   .          Harm     .   (no cloak)
rCorr   .          Rampage  .   (gloves unavailable)
Will    .....                   (boots unavailable)
Stlth   +.........              (no amulet)
HPRegen 0.16/turn               k - ring of see invisible
MPRegen 0.09/turn               (no ring)

@: glowing
A: large, unfitting armour, tough skin 1
a: Renounce Religion, Divine Shield, Cleansing Flame


You were on level 1 of the Dungeon.
You worshipped the Shining One.
The Shining One was most pleased with you.
You visited 1 branch of the dungeon, and saw 2 of its levels.

You collected 48 gold pieces.

Inventory:

Hand Weapons
 a - a +0 mace (weapon)
Armour
 b - a +0 robe (worn)
Jewellery
 k - a ring of see invisible (left hand)
Scrolls
 c - a scroll of magic mapping {unknown}
 d - 2 scrolls of brand weapon {unknown}
 e - a scroll of silence {unknown}
 f - 2 scrolls of vulnerability {unknown}
 g - a scroll of amnesia {unknown}
 i - a scroll of immolation {unknown}
 j - 2 scrolls of identify {unknown}
Potions
 h - a potion of brilliance {unknown}


   Skills:
 - Level 4.0 Fighting
 * Level 4.7 Maces & Flails
 - Level 2.6 Dodging
 - Level 1.4 Stealth


You had 3 spell levels left.
You didn't know any spells.
Your spell library contained the following spells:

 Spells                   Type           Power      Damage    Failure   Level
 Animate Skeleton         Necr           0%         N/A       34%         1
 Apportation              Tloc           0%         N/A       34%         1
 Beastly Appendage        Tmut           0%         N/A       34%         1
 Summon Small Mammal      Summ           0%         N/A       34%         1
 Wereblood                Tmut           0%         N/A       47%         2
 Spider Form              Tmut/Pois      0%         N/A       71%         3


Dungeon Overview and Level Annotations

Branches:
Dungeon (2/15)

Altars:
The Shining One

Annotations:
D:1 Natasha


Innate Abilities, Weirdness & Mutations

You are too large for most types of armour.
You have tough skin. (AC +1)


Message History

You struggle against the net.
The gnoll hits you with a +0 club.
Natasha drinks a potion.
Natasha seems to speed up.
You rip the net and break free!
The gnoll hits you from afar with a +0 halberd.
The gnoll hits you with a +0 club. The gnoll completely misses you.
You hit the gnoll.
The gnoll is lightly wounded.
The gnoll hits you with a +0 club.
The crimson imp laughs crazily.
The crimson imp blinks!
You hit the gnoll but do no damage.
The gnoll is lightly wounded.
The gnoll hits you with a +0 club.
The crimson imp blinks!
You hit the gnoll.
The gnoll is moderately wounded.
The gnoll hits you with a +0 club. The gnoll hits you with a +0 club.
You barely miss the gnoll.
The gnoll is moderately wounded.
Natasha claws you!
Found a stone staircase leading up.
Natasha casts a spell.
Natasha completely misses you. Natasha closely misses you. Natasha claws you!
* * * LOW HITPOINT WARNING * * *
Natasha claws you.
* * * LOW HITPOINT WARNING * * *
There is a stone staircase leading up here.
Natasha closely misses you.
Natasha casts a spell.
You climb upwards.
The crimson imp disappears in a puff of smoke!
There is a stone staircase leading down here.
Natasha mumbles some strange words.
You closely miss Natasha. Natasha claws you!
* * * LOW HITPOINT WARNING * * *
Natasha claws you!
You die...

#.#
#.#
#.#
#.#
#.#
#.#
#.#
#.#
#.#
#.#
#.#
#.#
##.#
#.#
#.#
...#
#.#
#5#
...#
#.#
#>#
...#
#.#
#h#
...#
####.#
#@#
...#
#..#.#
#.#
...#
#..#.#
#.#
...#
#..#.#
#.#
####
#..#.#
#.#
#..#.#
#.#
#..#.#
#.#
#..#.#
#.#
#..#.#
#.#


You could see an iron imp (summoned) and Natasha (fast).

Vanquished Creatures
  Natasha (twice) (D:2)
  An adder (D:2)
  3 bats
  2 endoplasms
  2 goblins (D:1)
  2 hobgoblins
  A jackal (D:2)
  A quokka (D:2)
  2 ball pythons
  4 frilled lizards
  6 kobolds
  3 rats (D:1)
29 creatures vanquished.

Notes
Turn   | Place    | Note
-------+----------+-------------------------------------------
     0 | D:1      | crazypyro the Ogre Monk began the quest for the Orb.
     0 | D:1      | Reached XP level 1. HP: 24/24 MP: 1/1
    97 | D:1      | Found a faded altar of an unknown god.
   111 | D:1      | Prayed at the altar of an unknown god.
   111 | D:1      | Became a worshipper of the Shining One
   111 | D:1      | Reached * piety under the Shining One
   111 | D:1      | Reached ** piety under the Shining One
   327 | D:1      | Reached XP level 2. HP: 32/32 MP: 2/2
  1215 | D:2      | Noticed Natasha
  1227 | D:2      | Killed Natasha
  1228 | D:2      | Reached XP level 3. HP: 4/39 MP: 3/3
  1526 | D:2      | Reached *** piety under the Shining One
  1630 | D:2      | Reached XP level 4. HP: 39/48 MP: 4/4
  1717 | D:2      | Noticed Natasha
  1723 | D:2      | Killed Natasha
  1804 | D:2      | Noticed Natasha
  1832 | D:1      | Slain by Natasha

Illustrated notes

Levels and vault maps discovered:
D:1:      ncdulo_halloftheorcs, layout_basic,
          hellmonk_ecumenical_altar_crossroads
D:2:      layout_rooms, st_stairs_9, uniq_natasha

Skill      XL: |  1  2 |
---------------+-------+-----
Maces & Flails | 3 4 |  4.7
Fighting       | |  4.0
Dodging        | |  2.6
Stealth        | |  1.4

Action                   |  1- 3 |  4- 6 || total
-------------------------+-------+-------++-------
Melee: Mace              |    66 |    11 ||    77
       Punch             |     1 |       ||     1
Armor: Robe              |    18 |     1 ||    19
Dodge: Dodged            |    42 |     5 ||    47
